Monarchs vs Atomiques

Created - 23 février 2017 at 23:14

Goals
1 2 3 OT1 SO T
Monarchs 2 3 0 0 3 6
Atomiques 1 3 1 0 2 5
Shots
1 2 3 OT1 SO T
Monarchs 13 14 2 0 7 29
Atomiques 11 20 7 1 7 39

1st period

1. Atomiques , Mikael Backlund 29 (Dwight King) at 7:51
2. Monarchs , Justin Williams 33 (Tyler Toffoli, Justin Faulk) at 9:56
3. Monarchs , Johnny Gaudreau 26 (Mark Stone, Shawn Matthias) at 10:28 (PP)

Penalties :
Dwight King (STB) for Diving (Minor) at 10:11, Riley Cote (MAN) for Holding (Minor) at 13:04, Dwight King (STB) for Cross-checking (Minor) at 16:00, Mark Stone (MAN) for Delaying the game (Minor) at 16:34

2nd period

4. Monarchs , Tyler Toffoli 10 (Justin Williams, Matt Irwin) at 2:44
5. Atomiques , Alex Berry 13 (Roman Polak, Marc-André Cliche) at 7:11
6. Monarchs , Justin Williams 34 (Matt Tennyson, Tyler Toffoli) at 9:59
7. Atomiques , Ryan Shannon 33 (Tyler Brenner) at 11:23
8. Atomiques , Tyler Brenner 24 (Shawn Belle, Kenndal McArdle) at 13:18
9. Monarchs , Shawn Matthias 22 (Johnny Gaudreau, Mark Stone) at 19:04

Penalties :
No Penalty

3rd period

10. Atomiques , Andrew Kozek 11 (Alex Berry, Shawn Belle) at 6:01

Penalties :
Anthony Peluso (MAN) for Roughing (Minor) at 15:40, Alexandre Grenier (MAN) for Hooking (Minor) at 19:36

Overtime #1

No Goal

Penalties :
No Penalty

Shootout

Penalty Shot by Riley Cote for Monarchs - Shot Misses the Net
Penalty Shot by Branko Radivojevic for Atomiques - Goal!
Penalty Shot by Justin Williams for Monarchs - Goal!
Penalty Shot by Mikael Backlund for Atomiques - Shot Misses the Net
Penalty Shot by Matt Irwin for Monarchs - Shot Misses the Net
Penalty Shot by Tyler Brenner for Atomiques - Stopped by Andrew Hammond
Penalty Shot by Shawn Matthias for Monarchs - Stopped by Sergei Bobrovsky
Penalty Shot by Dwight King for Atomiques - Stopped by Andrew Hammond
Penalty Shot by Kyle Clifford for Monarchs - Stopped by Sergei Bobrovsky
Penalty Shot by Ryan Shannon for Atomiques - Stopped by Andrew Hammond
Penalty Shot by Mark Stone for Monarchs - Goal!
Penalty Shot by Alex Berry for Atomiques - Goal!
Penalty Shot by Tyler McNeely for Monarchs - Goal!
Penalty Shot by Kenndal McArdle for Atomiques - Shot Misses the Net

Penalties :
No Penalty

Goalie Stats

Andrew Hammond (MAN), 34 saves from 39 shots - (0,872), W, 2-1-0, 65:00 minutes
Sergei Bobrovsky (STB), 24 saves from 29 shots - (0,828), OTL, 22-19-4, 65:00 minutes

Players Stats for Monarchs

Player Name              G  A  P  +/- PIM S  H  SB GA TA FO     MP     PP MP  PK MP  
------------------------------------------------------------------------------------
Alec Martinez            0  0  0  -1  0   3  2  2  0  1  0/0    29:24   0:46   3:34 
Alexandre Grenier        0  0  0  -1  2   0  2  0  0  0  0/1    12:18   0:00   1:55 
Anthony Peluso           0  0  0   0  2   0  1  0  0  0  0/0     7:52   0:00   0:00 
Johnny Gaudreau          1  1  2  -2  0   8  2  0  3  0  1/2    21:20   0:51   1:40 
Justin Faulk             0  1  1   0  0   1  1  2  0  0  0/0    21:16   0:05   0:19 
Justin Williams          2  1  3   2  0   4  0  1  1  0  1/1    20:22   0:00   0:00 
Kyle Clifford            0  0  0   2  0   3  2  1  0  0  1/1    19:54   0:00   1:18 
Mark Stone               0  2  2  -2  2   0  0  0  0  0  0/1    18:47   0:50   0:00 
Matt Irwin               0  1  1   1  0   4  3  1  1  3  0/0    21:33   0:46   0:07 
Matt Tennyson            0  1  1   1  0   1  3  0  0  0  0/0    30:00   0:00   2:22 
Riley Cote               0  0  0  -1  2   1  0  1  2  0  4/6    14:49   0:00   2:43 
Ryan White               0  0  0   0  0   0  0  1  0  1  0/3     7:19   0:00   0:00 
Shawn Matthias           1  1  2  -2  0   2  4  0  1  0  12/27  20:01   0:51   1:13 
Theo Peckham             0  0  0   0  0   0  0  0  0  1  0/0     7:11   0:00   3:52 
Tom Gilbert              0  0  0  -3  0   1  4  0  1  1  0/0    19:45   0:05   2:48 
Tyler McNeely            0  0  0   0  0   0  0  0  0  0  0/1     7:42   0:00   0:00 
Tyler Toffoli            1  2  3   2  0   1  1  1  0  0  7/19   19:30   0:00   1:19 
Zac Rinaldo              0  0  0  -1  0   0  2  0  0  0  3/6    12:57   0:00   1:18 

Players Stats for Atomiques

Player Name              G  A  P  +/- PIM S  H  SB GA TA FO     MP     PP MP  PK MP  
------------------------------------------------------------------------------------
Alex Berry               1  1  2   2  0   2  2  0  0  0  0/0    11:17   0:51   0:00 
Andrew Kozek             1  0  1   2  0   3  5  1  0  0  0/0    12:53   0:45   0:00 
Anthony Nigro            0  0  0   0  0   0  0  0  0  0  0/0     0:00   0:00   0:00 
Bobby Farnham            0  0  0   0  0   0  0  0  0  0  0/0     7:51   0:00   0:00 
Branko Radivojevic       0  0  0   0  0   2  4  1  1  0  4/8    24:22   1:09   0:51 
Brett Sutter             0  0  0   0  0   1  1  0  0  0  3/4     9:06   0:14   0:00 
Colby Cohen              0  0  0   0  0   0  0  0  0  0  0/0     0:00   0:00   0:00 
Darren Kramer            0  0  0   0  0   0  0  0  0  0  0/0     0:08   0:00   0:00 
Davis Drewiske           0  0  0   1  0   4  2  0  2  2  0/0    31:02   2:59   0:51 
Dmitri Orlov             0  0  0  -1  0   0  0  0  1  0  0/0    14:01   0:00   0:00 
Dwight King              0  1  1   0  4   2  4  0  2  0  1/1    22:45   1:43   0:00 
Eric Mestery             0  0  0  -1  0   0  0  0  0  1  0/0    14:01   0:00   0:00 
Freddie Hamilton         0  0  0   0  0   0  0  0  0  0  0/0     0:00   0:00   0:00 
Fredrik Claesson         0  0  0   0  0   0  0  0  0  0  0/0     0:00   0:00   0:00 
John McCarthy            0  0  0   0  0   1  0  0  0  1  1/1     8:39   0:31   0:00 
Kenndal McArdle          0  1  1  -1  0   1  1  0  0  0  0/0    15:54   2:12   0:00 
Kyle Wharton             0  0  0   1  0   1  1  0  0  1  0/0    19:57   1:56   0:00 
Mac Bennett              0  0  0   0  0   0  0  0  0  0  0/0     0:00   0:00   0:00 
Marc-André Cliche        0  1  1   2  0   4  1  0  0  1  4/8    14:31   1:12   0:00 
Mikael Backlund          1  0  1   0  0   6  1  0  0  2  15/29  25:49   1:43   0:51 
Mitch Callahan           0  0  0   0  0   0  0  0  0  0  0/0     0:55   0:02   0:00 
Roman Polak              0  1  1   1  0   0  1  2  0  0  0/0    19:57   1:56   0:00 
Ryan Shannon             1  0  1  -1  0   7  1  0  0  0  3/3    15:53   2:11   0:00 
Shawn Belle              0  2  2   1  0   2  2  1  0  0  0/0    31:02   2:59   0:51 
Tyler Brenner            1  1  2  -1  0   3  3  0  1  1  8/14   17:39   2:12   0:00 

3 Stars

1 - Justin Williams (MAN)
2 - Tyler Toffoli (MAN)
3 - Alex Berry (STB)

Power Play

Monarchs - 1 on 2 Attempt(s) - 50,00%
Atomiques - 0 on 4 Attempt(s) - 0,00%

Penalty Kill

Monarchs - 4 on 4 Attempt(s) - 100,00% - Score 0 goal in Penalty Kill
Atomiques - 1 on 2 Attempt(s) - 50,00% - Score 0 goal in Penalty Kill

Team Stat

Monarchs - Hits : 27 - Faceoff Wins : 29 - Blocked Shots : 10 - Penalty Minutes : 8
Atomiques - Hits : 29 - Faceoff Wins : 39 - Blocked Shots : 5 - Penalty Minutes : 4

Official

Referees : L'Ecuyer Frederick and Ciamaga Chris
Linesman : Vaughan Rody and Brian Murphy

Game Notes

No Game Note

Finance

Level 1 -- Attendance: 1488 (74,40%) -- Ticket Income 52 080 $
Level 2 -- Attendance: 792 (79,20%) -- Ticket Income 11 880 $
Total Attendance: 2280 (76,00%)
Total Ticket Income: 63 960 $
Other Income: 3 198 $
Total Income: 67 158 $

Monarchs

5 vs 5 Forward 
   Center                   Left Wing                Right Wing               Time % Phy DF OF 
 1 Tyler Toffoli            Kyle Clifford            Justin Williams          35     0   2  2  
 2 Shawn Matthias           Johnny Gaudreau          Mark Stone               35     1   2  2  
 3 Zac Rinaldo              Riley Cote               Alexandre Grenier        20     1   2  2  
 4 Ryan White               Tyler McNeely            Anthony Peluso           10     1   2  2  

5 vs 5 Defense 
   Defense                  Defense                                           Time % Phy DF OF 
 1 Alec Martinez            Justin Faulk                                      35     0   3  2  
 2 Matt Irwin               Matt Tennyson                                     35     0   3  2  
 3 Matt Tennyson            Tom Gilbert                                       25     1   3  1  
 4 Tom Gilbert              Alec Martinez                                     5      1   3  1  

PowerPlay Forward 
   Center                   Left Wing                Right Wing               Time % Phy DF OF 
 1 Shawn Matthias           Johnny Gaudreau          Mark Stone               60     0   1  4  
 2 Tyler Toffoli            Kyle Clifford            Justin Williams          40     0   1  4  

PowerPlay Defense
   Defense                  Defense                                           Time % Phy DF OF 
 1 Matt Irwin               Alec Martinez                                     60     0   2  3  
 2 Justin Faulk             Tom Gilbert                                       40     0   2  3  

Penalty Kill 4 Players Forward 
   Center                   Wing                     Time % Phy DF OF 
 1 Riley Cote               Alexandre Grenier        60     1   2  2  
 2 Shawn Matthias           Zac Rinaldo              40     1   2  2  

Penalty Kill 4 Players Defense
   Defense                  Defense                  Time % Phy DF OF 
 1 Alec Martinez            Theo Peckham             60     1   2  2  
 2 Tom Gilbert              Matt Tennyson            40     1   2  2  

Penalty Kill - 3 Players Forward 
   Forward                                           Time % Phy DF OF 
 1 Riley Cote                                        60     1   2  2  
 2 Shawn Matthias                                    40     1   2  2  

Penalty Kill - 3 Players Defense
   Defense                  Defense                  Time % Phy DF OF 
 1 Theo Peckham             Tom Gilbert              60     1   2  2  
 2 Matt Tennyson            Alec Martinez            40     1   2  2  

4 vs 4 Forward 
   Center                   Wing                     Time % Phy DF OF 
 1 Riley Cote               Justin Williams          60     1   2  2  
 2 Shawn Matthias           Johnny Gaudreau          40     1   2  2  

4 vs 4 Defense
   Defense                  Defense                  Time % Phy DF OF 
 1 Matt Irwin               Alec Martinez            60     1   2  2  
 2 Tom Gilbert              Matt Tennyson            40     1   2  2  

Last Minutes Offensive
   Center                   Left Wing                Right Wing               Defense                  Defense                  
   Shawn Matthias           Kyle Clifford            Justin Williams          Justin Faulk             Matt Irwin               

Last Minutes Defensive
   Center                   Left Wing                Right Wing               Defense                  Defense                  
   Shawn Matthias           Riley Cote               Alexandre Grenier        Alec Martinez            Theo Peckham             

Goaltenders
Starting : Andrew Hammond           
Backup : Jhonas Enroth            

Extra Forwards
Normal : Johnny Gaudreau, Zac Rinaldo, Mark Stone - PP : Shawn Matthias, Zac Rinaldo - PK : Kyle Clifford
Extra Defensemen
Normal : Matt Irwin, Justin Faulk, Alec Martinez - PP : Matt Tennyson - PK : Justin Faulk, Matt Irwin
Penalty Shots
Riley Cote, Justin Williams, Matt Irwin, Shawn Matthias, Kyle Clifford

Atomiques

5 vs 5 Forward 
   Center                   Left Wing                Right Wing               Time % Phy DF OF 
 1 Mikael Backlund          Dwight King              Branko Radivojevic       40     1   2  2  
 2 Tyler Brenner            Kenndal McArdle          Ryan Shannon             30     1   2  2  
 3 Marc-André Cliche        Andrew Kozek             Alex Berry               20     1   2  2  
 4 Brett Sutter             John McCarthy            Bobby Farnham            10     1   2  2  

5 vs 5 Defense 
   Defense                  Defense                                           Time % Phy DF OF 
 1 Shawn Belle              Davis Drewiske                                    40     1   2  2  
 2 Kyle Wharton             Roman Polak                                       30     1   2  2  
 3 Dmitri Orlov             Eric Mestery                                      20     1   2  2  
 4 Shawn Belle              Davis Drewiske                                    10     1   2  2  

PowerPlay Forward 
   Center                   Left Wing                Right Wing               Time % Phy DF OF 
 1 Mikael Backlund          Dwight King              Branko Radivojevic       60     1   2  2  
 2 Tyler Brenner            Kenndal McArdle          Ryan Shannon             40     1   2  2  

PowerPlay Defense
   Defense                  Defense                                           Time % Phy DF OF 
 1 Shawn Belle              Davis Drewiske                                    60     1   2  2  
 2 Kyle Wharton             Roman Polak                                       40     1   2  2  

Penalty Kill 4 Players Forward 
   Center                   Wing                     Time % Phy DF OF 
 1 Branko Radivojevic       Mikael Backlund          60     1   2  2  
 2 Tyler Brenner            Dwight King              40     1   2  2  

Penalty Kill 4 Players Defense
   Defense                  Defense                  Time % Phy DF OF 
 1 Shawn Belle              Davis Drewiske           60     1   2  2  
 2 Kyle Wharton             Roman Polak              40     1   2  2  

Penalty Kill - 3 Players Forward 
   Forward                                           Time % Phy DF OF 
 1 Branko Radivojevic                                60     1   2  2  
 2 Mikael Backlund                                   40     1   2  2  

Penalty Kill - 3 Players Defense
   Defense                  Defense                  Time % Phy DF OF 
 1 Shawn Belle              Davis Drewiske           60     1   2  2  
 2 Kyle Wharton             Roman Polak              40     1   2  2  

4 vs 4 Forward 
   Center                   Wing                     Time % Phy DF OF 
 1 Branko Radivojevic       Mikael Backlund          60     1   2  2  
 2 Tyler Brenner            Dwight King              40     1   2  2  

4 vs 4 Defense
   Defense                  Defense                  Time % Phy DF OF 
 1 Shawn Belle              Davis Drewiske           60     1   2  2  
 2 Kyle Wharton             Roman Polak              40     1   2  2  

Last Minutes Offensive
   Center                   Left Wing                Right Wing               Defense                  Defense                  
   Mikael Backlund          Dwight King              Branko Radivojevic       Shawn Belle              Davis Drewiske           

Last Minutes Defensive
   Center                   Left Wing                Right Wing               Defense                  Defense                  
   Mikael Backlund          Dwight King              Branko Radivojevic       Shawn Belle              Davis Drewiske           

Goaltenders
Starting : Sergei Bobrovsky         
Backup : Jeremy Smith             

Extra Forwards
Normal : Marc-André Cliche, Andrew Kozek, Brett Sutter - PP : Marc-André Cliche, Andrew Kozek - PK : Brett Sutter
Extra Defensemen
Normal : Dmitri Orlov, Eric Mestery, Kyle Wharton - PP : Dmitri Orlov - PK : Eric Mestery, Kyle Wharton
Penalty Shots
Branko Radivojevic, Mikael Backlund, Tyler Brenner, Dwight King, Ryan Shannon

% Time on Ice - Monarchs

Lines # - Real PCT - Wanted PCT - Time Play
Normal Forward
1 - 35% - 35% - 18:29
2 - 34% - 35% - 17:45
3 - 18% - 20% - 9:16
4 - 14% - 10% - 7:19
Normal Defense
1 - 39% - 35% - 20:21
2 - 35% - 35% - 18:41
3 - 17% - 25% - 9:00
4 - 9% - 5% - 4:47
PP Forward
1 - 100% - 60% - 0:51
2 - 0% - 40% - 0:00
PP Defense
1 - 90% - 60% - 0:46
2 - 10% - 40% - 0:05
PK Forward
1 - 82% - 60% - 4:02
2 - 18% - 40% - 0:53
PK Defense
1 - 64% - 60% - 3:08
2 - 36% - 40% - 1:47
PK3 Forward
1 - 79% - 60% - 1:16
2 - 21% - 40% - 0:20
PK3 Defense
1 - 64% - 60% - 1:01
2 - 36% - 40% - 0:35
44 Forward
1 - 87% - 60% - 4:12
2 - 13% - 40% - 0:37
44 Defense
1 - 64% - 60% - 3:05
2 - 36% - 40% - 1:44
Last Minute Offensive  - 0:00
Last Minute Defensive  - 0:00
Total
Forward - 65:00
Defense - 65:00

% Time on Ice - Atomiques

Lines # - Real PCT - Wanted PCT - Time Play
Normal Forward
1 - 38% - 40% - 20:11
2 - 28% - 30% - 14:48
3 - 19% - 20% - 9:59
4 - 15% - 10% - 7:51
Normal Defense
1 - 39% - 40% - 20:51
2 - 29% - 30% - 15:30
3 - 26% - 20% - 13:30
4 - 6% - 10% - 2:58
PP Forward
1 - 35% - 60% - 1:43
2 - 65% - 40% - 3:12
PP Defense
1 - 61% - 60% - 2:59
2 - 39% - 40% - 1:56
PK Forward
1 - 100% - 60% - 0:51
2 - 0% - 40% - 0:00
PK Defense
1 - 100% - 60% - 0:51
2 - 0% - 40% - 0:00
PK3 Forward
1 - 0% - 60%
2 - 0% - 40%
PK3 Defense
1 - 0% - 60%
2 - 0% - 40%
44 Forward
1 - 76% - 60% - 4:51
2 - 24% - 40% - 1:34
44 Defense
1 - 61% - 60% - 3:54
2 - 39% - 40% - 2:31
Last Minute Offensive  - 0:00
Last Minute Defensive  - 0:00
Total
Forward - 65:00
Defense - 65:00

Play by Play

1st period


0:01 of 1st period - Mikael Backlund wins face-off versus Tyler Toffoli in neutral zone.
0:16 of 1st period - Snap shot by Dwight King.
0:16 of 1st period - Stopped by Andrew Hammond with a rebound.
0:46 of 1st period - Icing by Roman Polak.
0:47 of 1st period - Marc-André Cliche wins face-off versus Alexandre Grenier in Atomiques zone.
1:12 of 1st period - Eric Mestery is hit by Anthony Peluso and loses puck.
1:55 of 1st period - Snap shot by Kenndal McArdle.
1:55 of 1st period - Shot Misses the Net.
1:57 of 1st period - Snap shot by Eric Mestery.
1:57 of 1st period - Deflect By Tyler Brenner.
1:57 of 1st period - Shot Misses the Net.
1:57 of 1st period - Puck is out of play.
1:58 of 1st period - Ryan Shannon wins face-off versus Tyler Toffoli in Monarchs zone.
1:59 of 1st period - Slapshot by Tyler Brenner.
1:59 of 1st period - Stopped by Andrew Hammond without a rebound.
2:00 of 1st period - Mikael Backlund wins face-off versus Tyler Toffoli in Monarchs zone.
2:33 of 1st period - Snap shot by Johnny Gaudreau.
2:33 of 1st period - Stopped by Sergei Bobrovsky with a rebound.
2:35 of 1st period - Snap shot by Johnny Gaudreau.
2:35 of 1st period - Stopped by Sergei Bobrovsky with a rebound.
2:39 of 1st period - Snap shot by Johnny Gaudreau.
2:39 of 1st period - Stopped by Sergei Bobrovsky without a rebound.
2:40 of 1st period - Marc-André Cliche wins face-off versus Zac Rinaldo in Atomiques zone.
2:40 of 1st period - Marc-André Cliche is hit by Zac Rinaldo.
2:46 of 1st period - Snap shot by Andrew Kozek.
2:46 of 1st period - Stopped by Andrew Hammond with a rebound.
3:32 of 1st period - Alec Martinez is hit by Davis Drewiske and loses puck.
3:45 of 1st period - Slapshot by Justin Faulk.
3:45 of 1st period - Stopped by Sergei Bobrovsky without a rebound.
3:46 of 1st period - John McCarthy wins face-off versus Tyler McNeely in Atomiques zone.
5:08 of 1st period - Shawn Belle is hit by Justin Faulk and loses puck.
5:24 of 1st period - Icing by Shawn Belle.
5:25 of 1st period - Brett Sutter wins face-off versus Shawn Matthias in Atomiques zone.
5:25 of 1st period - Brett Sutter is hit by Shawn Matthias.
5:40 of 1st period - Tom Gilbert is hit by Brett Sutter and loses puck.
5:53 of 1st period - Wrist shot by Davis Drewiske.
5:53 of 1st period - Stopped by Andrew Hammond with a rebound.
5:59 of 1st period - Tyler Toffoli is hit by Dwight King and loses puck.
6:20 of 1st period - Snap shot by Ryan Shannon.
6:20 of 1st period - Stopped by Andrew Hammond with a rebound.
6:22 of 1st period - Slapshot by Tyler Brenner.
6:22 of 1st period - Shot Blocked by Justin Faulk.
7:07 of 1st period - Kyle Clifford is hit by Andrew Kozek.
7:23 of 1st period - Matt Irwin is hit by Shawn Belle and loses puck.
7:30 of 1st period - Marc-André Cliche is hit by Matt Irwin and loses puck.
7:47 of 1st period - Snap shot by Marc-André Cliche.
7:47 of 1st period - Shot Misses the Net.
7:49 of 1st period - Snap shot by Davis Drewiske.
7:49 of 1st period - Deflect By Matt Tennyson.
7:49 of 1st period - Stopped by Andrew Hammond without a rebound.
7:50 of 1st period - Dwight King wins face-off versus Shawn Matthias in Monarchs zone.
7:51 of 1st period - Snap shot by Mikael Backlund.
7:51 of 1st period - Goal by Mikael Backlund - Monarchs : 0 - Atomiques : 1.
7:52 of 1st period - Mikael Backlund wins face-off versus Shawn Matthias in neutral zone.
8:01 of 1st period - Dwight King is hit by Tom Gilbert and loses puck.
9:10 of 1st period - Snap shot by Mikael Backlund.
9:10 of 1st period - Shot Misses the Net.
9:39 of 1st period - Justin Faulk is hit by Andrew Kozek and loses puck.
9:54 of 1st period - Wrist shot by Justin Williams.
9:54 of 1st period - Stopped by Sergei Bobrovsky with a rebound.
9:56 of 1st period - Wrist shot by Tyler Toffoli.
9:56 of 1st period - Deflect By Justin Williams.
9:56 of 1st period - Goal by Justin Williams - Monarchs : 1 - Atomiques : 1.
9:57 of 1st period - Shawn Matthias wins face-off versus Mikael Backlund in neutral zone.
10:11 of 1st period - Minor Penalty to Dwight King for Diving.
10:12 of 1st period - Branko Radivojevic wins face-off versus Shawn Matthias in Atomiques zone.
10:24 of 1st period - Slapshot by Shawn Matthias.
10:24 of 1st period - Stopped by Sergei Bobrovsky with a rebound.
10:28 of 1st period - Snap shot by Johnny Gaudreau.
10:28 of 1st period - Goal by Johnny Gaudreau - Monarchs : 2 - Atomiques : 1.
10:29 of 1st period - Tyler Toffoli wins face-off versus Mikael Backlund in neutral zone.
10:42 of 1st period - Slapshot by Kyle Clifford.
10:42 of 1st period - Stopped by Sergei Bobrovsky without a rebound.
10:43 of 1st period - Tyler Brenner wins face-off versus Shawn Matthias in Atomiques zone.
11:10 of 1st period - Shawn Belle is hit by Kyle Clifford and loses puck.
11:33 of 1st period - Snap shot by Ryan White.
11:33 of 1st period - Shot Misses the Net.
11:35 of 1st period - Snap shot by Tyler McNeely.
11:35 of 1st period - Deflect By Kyle Wharton.
11:35 of 1st period - Shot Misses the Net.
11:35 of 1st period - Puck is out of play.
11:36 of 1st period - Mikael Backlund wins face-off versus Shawn Matthias in Atomiques zone.
12:01 of 1st period - Shawn Matthias is hit by Alex Berry and loses puck.
12:06 of 1st period - Wrist shot by Alex Berry.
12:06 of 1st period - Shot Misses the Net.
12:28 of 1st period - Alec Martinez is hit by Tyler Brenner and loses puck.
13:04 of 1st period - Minor Penalty to Riley Cote for Holding.
13:05 of 1st period - Kyle Clifford wins face-off versus Mikael Backlund in Monarchs zone.
13:47 of 1st period - Tom Gilbert is hit by Ryan Shannon and loses puck.
14:49 of 1st period - Tom Gilbert is hit by Dwight King and loses puck.
15:04 of 1st period - Penalty to Riley Cote is over, Riley Cote is back on ice.
15:20 of 1st period - Backhand shot by John McCarthy.
15:20 of 1st period - Stopped by Andrew Hammond with a rebound.
15:22 of 1st period - Snap shot by Brett Sutter.
15:22 of 1st period - Shot Blocked by Riley Cote.
15:24 of 1st period - Snap shot by Brett Sutter.
15:24 of 1st period - Stopped by Andrew Hammond without a rebound.
15:25 of 1st period - Shawn Matthias wins face-off versus Brett Sutter in Monarchs zone.
15:36 of 1st period - Slapshot by Matt Tennyson.
15:36 of 1st period - Deflect By Johnny Gaudreau.
15:36 of 1st period - Stopped by Sergei Bobrovsky with a rebound.
15:38 of 1st period - Slapshot by Alec Martinez.
15:38 of 1st period - Stopped by Sergei Bobrovsky without a rebound.
15:39 of 1st period - Mikael Backlund wins face-off versus Shawn Matthias in Atomiques zone.
16:00 of 1st period - Minor Penalty to Dwight King for Cross-checking.
16:01 of 1st period - Shawn Matthias wins face-off versus Branko Radivojevic in Atomiques zone.
16:10 of 1st period - Snap shot by Johnny Gaudreau.
16:10 of 1st period - Shot Misses the Net.
16:14 of 1st period - Snap shot by Johnny Gaudreau.
16:14 of 1st period - Stopped by Sergei Bobrovsky without a rebound.
16:15 of 1st period - Branko Radivojevic wins face-off versus Shawn Matthias in Atomiques zone.
16:34 of 1st period - Minor Penalty to Mark Stone for Delaying the game.
16:35 of 1st period - Riley Cote wins face-off versus Branko Radivojevic in Monarchs zone.
16:44 of 1st period - Slapshot by Matt Irwin.
16:44 of 1st period - Stopped by Sergei Bobrovsky with a rebound.
17:09 of 1st period - Off-side.
17:10 of 1st period - Shawn Matthias wins face-off versus Tyler Brenner in neutral zone.
17:15 of 1st period - Snap shot by Tyler Brenner.
17:15 of 1st period - Shot Misses the Net.
18:00 of 1st period - Penalty to Dwight King is over, Dwight King is back on ice.
18:02 of 1st period - Marc-André Cliche is hit by Matt Irwin and loses puck.
18:06 of 1st period - Icing by Dwight King.
18:07 of 1st period - Marc-André Cliche wins face-off versus Johnny Gaudreau in Atomiques zone.
18:34 of 1st period - Penalty to Mark Stone is over, Mark Stone is back on ice.
19:21 of 1st period - Snap shot by Mikael Backlund.
19:21 of 1st period - Stopped by Andrew Hammond without a rebound.
19:22 of 1st period - Tyler Brenner wins face-off versus Shawn Matthias in Monarchs zone.
19:31 of 1st period - Snap shot by Ryan Shannon.
19:31 of 1st period - Stopped by Andrew Hammond without a rebound.
19:32 of 1st period - Tyler Brenner wins face-off versus Tyler Toffoli in Monarchs zone.
Goals for this period are 2 for Monarchs vs 1 for Atomiques.
Shots for this period are 13 for Monarchs vs 11 for Atomiques.

2nd period


0:01 of 2nd period - Tyler Toffoli wins face-off versus Mikael Backlund in neutral zone.
0:16 of 2nd period - Icing by Shawn Belle.
0:17 of 2nd period - Shawn Matthias wins face-off versus Mikael Backlund in Atomiques zone.
0:32 of 2nd period - Snap shot by Branko Radivojevic.
0:32 of 2nd period - Stopped by Andrew Hammond without a rebound.
0:33 of 2nd period - Tyler Toffoli wins face-off versus Tyler Brenner in Monarchs zone.
1:00 of 2nd period - Davis Drewiske is hit by Matt Tennyson and loses puck.
1:05 of 2nd period - Slapshot by Shawn Matthias.
1:05 of 2nd period - Shot Misses the Net.
1:25 of 2nd period - Slapshot by Tom Gilbert.
1:25 of 2nd period - Shot Blocked by Andrew Kozek.
1:27 of 2nd period - Slapshot by Matt Tennyson.
1:27 of 2nd period - Shot Misses the Net.
1:29 of 2nd period - Snap shot by Alexandre Grenier.
1:29 of 2nd period - Shot Misses the Net.
1:36 of 2nd period - Icing by Eric Mestery.
1:37 of 2nd period - Brett Sutter wins face-off versus Ryan White in Atomiques zone.
1:44 of 2nd period - Slapshot by John McCarthy.
1:44 of 2nd period - Shot Blocked by Ryan White.
2:04 of 2nd period - Alec Martinez is hit by Davis Drewiske and loses puck.
2:11 of 2nd period - Slapshot by Branko Radivojevic.
2:11 of 2nd period - Stopped by Andrew Hammond with a rebound.
2:23 of 2nd period - Wrist shot by Johnny Gaudreau.
2:23 of 2nd period - Stopped by Sergei Bobrovsky without a rebound.
2:24 of 2nd period - Shawn Matthias wins face-off versus Tyler Brenner in Atomiques zone.
2:32 of 2nd period - Icing by Roman Polak.
2:33 of 2nd period - Tyler Brenner wins face-off versus Tyler Toffoli in Atomiques zone.
2:42 of 2nd period - Snap shot by Justin Williams.
2:42 of 2nd period - Shot Blocked by Roman Polak.
2:44 of 2nd period - Wrist shot by Tyler Toffoli.
2:44 of 2nd period - Goal by Tyler Toffoli - Monarchs : 3 - Atomiques : 1.
2:45 of 2nd period - Justin Williams wins face-off versus Mikael Backlund in neutral zone.
3:09 of 2nd period - Icing by Tyler Brenner.
3:10 of 2nd period - Tyler Brenner wins face-off versus Shawn Matthias in Atomiques zone.
3:24 of 2nd period - Icing by Davis Drewiske.
3:25 of 2nd period - Ryan Shannon wins face-off versus Tyler Toffoli in Atomiques zone.
3:25 of 2nd period - Ryan Shannon is hit by Matt Irwin.
3:51 of 2nd period - Backhand shot by Ryan Shannon.
3:51 of 2nd period - Stopped by Andrew Hammond without a rebound.
3:52 of 2nd period - Shawn Matthias wins face-off versus Mikael Backlund in Monarchs zone.
4:01 of 2nd period - Shawn Matthias is hit by Branko Radivojevic and loses puck.
4:06 of 2nd period - Snap shot by Mikael Backlund.
4:06 of 2nd period - Shot Blocked by Alec Martinez.
4:08 of 2nd period - Wrist shot by Dwight King.
4:08 of 2nd period - Shot Blocked by Alec Martinez.
4:18 of 2nd period - Tyler Toffoli is hit by Marc-André Cliche and loses puck.
5:00 of 2nd period - Off-side.
5:01 of 2nd period - Brett Sutter wins face-off versus Ryan White in neutral zone.
5:24 of 2nd period - Wrist shot by Matt Irwin.
5:24 of 2nd period - Stopped by Sergei Bobrovsky with a rebound.
5:42 of 2nd period - Slapshot by Matt Irwin.
5:42 of 2nd period - Stopped by Sergei Bobrovsky with a rebound.
5:44 of 2nd period - Slapshot by Tom Gilbert.
5:44 of 2nd period - Shot Blocked by Shawn Belle.
5:46 of 2nd period - Slapshot by Alec Martinez.
5:46 of 2nd period - Stopped by Sergei Bobrovsky with a rebound.
5:48 of 2nd period - Slapshot by Matt Tennyson.
5:48 of 2nd period - Stopped by Sergei Bobrovsky without a rebound.
5:49 of 2nd period - Branko Radivojevic wins face-off versus Shawn Matthias in Atomiques zone.
6:19 of 2nd period - Snap shot by Justin Williams.
6:19 of 2nd period - Shot Misses the Net.
6:27 of 2nd period - Wrist shot by Ryan Shannon.
6:27 of 2nd period - Stopped by Andrew Hammond without a rebound.
6:28 of 2nd period - Zac Rinaldo wins face-off versus Marc-André Cliche in Monarchs zone.
6:36 of 2nd period - Icing by Andrew Kozek.
6:37 of 2nd period - Zac Rinaldo wins face-off versus Marc-André Cliche in Atomiques zone.
6:45 of 2nd period - Icing by Marc-André Cliche.
6:46 of 2nd period - Marc-André Cliche wins face-off versus Tyler Toffoli in Atomiques zone.
7:01 of 2nd period - Wrist shot by Alex Berry.
7:01 of 2nd period - Stopped by Andrew Hammond with a rebound.
7:03 of 2nd period - Snap shot by Marc-André Cliche.
7:03 of 2nd period - Stopped by Andrew Hammond with a rebound.
7:05 of 2nd period - Wrist shot by Marc-André Cliche.
7:05 of 2nd period - Shot Blocked by Kyle Clifford.
7:09 of 2nd period - Slapshot by Marc-André Cliche.
7:09 of 2nd period - Shot Misses the Net.
7:11 of 2nd period - Slapshot by Roman Polak.
7:11 of 2nd period - Deflect By Alex Berry.
7:11 of 2nd period - Goal by Alex Berry - Monarchs : 3 - Atomiques : 2.
7:12 of 2nd period - Shawn Matthias wins face-off versus Mikael Backlund in neutral zone.
7:25 of 2nd period - Branko Radivojevic is hit by Shawn Matthias and loses puck.
8:08 of 2nd period - Snap shot by Marc-André Cliche.
8:08 of 2nd period - Stopped by Andrew Hammond without a rebound.
8:09 of 2nd period - Mikael Backlund wins face-off versus Mark Stone in Monarchs zone.
8:39 of 2nd period - Wrist shot by Justin Williams.
8:39 of 2nd period - Shot Misses the Net.
8:41 of 2nd period - Slapshot by Kyle Clifford.
8:41 of 2nd period - Stopped by Sergei Bobrovsky without a rebound.
8:42 of 2nd period - Mikael Backlund wins face-off versus Tyler Toffoli in Atomiques zone.
9:53 of 2nd period - Snap shot by Johnny Gaudreau.
9:53 of 2nd period - Stopped by Sergei Bobrovsky without a rebound.
9:54 of 2nd period - Tyler Toffoli wins face-off versus Mikael Backlund in Atomiques zone.
9:55 of 2nd period - Wrist shot by Justin Williams.
9:55 of 2nd period - Stopped by Sergei Bobrovsky with a rebound.
9:57 of 2nd period - Snap shot by Matt Tennyson.
9:57 of 2nd period - Shot Misses the Net.
9:59 of 2nd period - Wrist shot by Justin Williams.
9:59 of 2nd period - Goal by Justin Williams - Monarchs : 4 - Atomiques : 2.
10:00 of 2nd period - Zac Rinaldo wins face-off versus Mikael Backlund in neutral zone.
10:02 of 2nd period - Off-side.
10:03 of 2nd period - Mikael Backlund wins face-off versus Zac Rinaldo in neutral zone.
10:31 of 2nd period - Snap shot by Mikael Backlund.
10:31 of 2nd period - Shot Misses the Net.
10:39 of 2nd period - Slapshot by Shawn Belle.
10:39 of 2nd period - Stopped by Andrew Hammond with a rebound.
10:50 of 2nd period - Off-side.
10:51 of 2nd period - Johnny Gaudreau wins face-off versus Marc-André Cliche in neutral zone.
11:16 of 2nd period - Johnny Gaudreau is hit by Tyler Brenner and loses puck.
11:23 of 2nd period - Wrist shot by Ryan Shannon.
11:23 of 2nd period - Goal by Ryan Shannon - Monarchs : 4 - Atomiques : 3.
11:24 of 2nd period - Tyler Toffoli wins face-off versus Mikael Backlund in neutral zone.
11:27 of 2nd period - Kyle Clifford is hit by Branko Radivojevic and loses puck.
11:36 of 2nd period - Slapshot by Justin Williams.
11:36 of 2nd period - Shot Blocked by Branko Radivojevic.
12:00 of 2nd period - Slapshot by Ryan Shannon.
12:00 of 2nd period - Stopped by Andrew Hammond with a rebound.
12:22 of 2nd period - Wrist shot by Alex Berry.
12:22 of 2nd period - Shot Misses the Net.
12:36 of 2nd period - Wrist shot by Ryan White.
12:36 of 2nd period - Shot Blocked by Roman Polak.
13:02 of 2nd period - Snap shot by Tom Gilbert.
13:02 of 2nd period - Deflect By Dwight King.
13:02 of 2nd period - Stopped by Sergei Bobrovsky without a rebound.
13:03 of 2nd period - Ryan Shannon wins face-off versus Zac Rinaldo in Atomiques zone.
13:12 of 2nd period - Slapshot by Tyler Brenner.
13:12 of 2nd period - Stopped by Andrew Hammond with a rebound.
13:14 of 2nd period - Snap shot by Davis Drewiske.
13:14 of 2nd period - Stopped by Andrew Hammond with a rebound.
13:16 of 2nd period - Wrist shot by Kenndal McArdle.
13:16 of 2nd period - Stopped by Andrew Hammond with a rebound.
13:18 of 2nd period - Slapshot by Shawn Belle.
13:18 of 2nd period - Deflect By Tyler Brenner.
13:18 of 2nd period - Goal by Tyler Brenner - Monarchs : 4 - Atomiques : 4.
13:19 of 2nd period - Mikael Backlund wins face-off versus Tyler Toffoli in neutral zone.
13:45 of 2nd period - Johnny Gaudreau is hit by Tyler Brenner and loses puck.
14:26 of 2nd period - Brett Sutter is hit by Tom Gilbert and loses puck.
14:55 of 2nd period - Snap shot by Mikael Backlund.
14:55 of 2nd period - Stopped by Andrew Hammond with a rebound.
15:33 of 2nd period - Slapshot by Alec Martinez.
15:33 of 2nd period - Stopped by Sergei Bobrovsky with a rebound.
16:11 of 2nd period - Off-side.
16:12 of 2nd period - Mikael Backlund wins face-off versus Shawn Matthias in neutral zone.
16:19 of 2nd period - Snap shot by Dwight King.
16:19 of 2nd period - Stopped by Andrew Hammond with a rebound.
16:21 of 2nd period - Wrist shot by Kyle Wharton.
16:21 of 2nd period - Stopped by Andrew Hammond with a rebound.
16:23 of 2nd period - Slapshot by Roman Polak.
16:23 of 2nd period - Deflect By Mikael Backlund.
16:23 of 2nd period - Stopped by Andrew Hammond without a rebound.
16:24 of 2nd period - Mikael Backlund wins face-off versus Tyler Toffoli in Monarchs zone.
16:31 of 2nd period - Roman Polak is hit by Matt Tennyson and loses puck.
17:11 of 2nd period - Alec Martinez is hit by Roman Polak and loses puck.
17:41 of 2nd period - Dmitri Orlov is hit by Alec Martinez.
18:02 of 2nd period - Tom Gilbert is hit by Shawn Belle and loses puck.
18:11 of 2nd period - Mikael Backlund is hit by Tom Gilbert and loses puck.
18:24 of 2nd period - Wrist shot by Tyler Toffoli.
18:24 of 2nd period - Shot Misses the Net.
18:48 of 2nd period - Slapshot by Mikael Backlund.
18:48 of 2nd period - Stopped by Andrew Hammond without a rebound.
18:49 of 2nd period - Shawn Matthias wins face-off versus Tyler Brenner in Monarchs zone.
19:02 of 2nd period - Slapshot by Johnny Gaudreau.
19:02 of 2nd period - Shot Misses the Net.
19:04 of 2nd period - Slapshot by Shawn Matthias.
19:04 of 2nd period - Goal by Shawn Matthias - Monarchs : 5 - Atomiques : 4.
19:05 of 2nd period - Shawn Matthias wins face-off versus Tyler Brenner in neutral zone.
19:08 of 2nd period - Davis Drewiske is hit by Shawn Matthias and loses puck.
19:36 of 2nd period - Snap shot by Riley Cote.
19:36 of 2nd period - Stopped by Sergei Bobrovsky without a rebound.
19:37 of 2nd period - Tyler Toffoli wins face-off versus Mikael Backlund in Atomiques zone.
Goals for this period are 3 for Monarchs vs 3 for Atomiques.
Shots for this period are 14 for Monarchs vs 20 for Atomiques.

3rd period


0:01 of 3rd period - Mikael Backlund wins face-off versus Shawn Matthias in neutral zone.
0:04 of 3rd period - Snap shot by Dwight King.
0:04 of 3rd period - Shot Misses the Net.
0:06 of 3rd period - Slapshot by Shawn Belle.
0:06 of 3rd period - Stopped by Andrew Hammond without a rebound.
0:07 of 3rd period - Mikael Backlund wins face-off versus Shawn Matthias in Monarchs zone.
0:37 of 3rd period - Snap shot by Kyle Clifford.
0:37 of 3rd period - Stopped by Sergei Bobrovsky without a rebound.
0:38 of 3rd period - Tyler Brenner wins face-off versus Tyler Toffoli in Atomiques zone.
0:38 of 3rd period - Tyler Brenner is hit by Tyler Toffoli.
0:44 of 3rd period - Alec Martinez is hit by Kyle Wharton and loses puck.
1:42 of 3rd period - Slapshot by Matt Irwin.
1:42 of 3rd period - Shot Hit the Post.
1:44 of 3rd period - Slapshot by Matt Irwin.
1:44 of 3rd period - Stopped by Sergei Bobrovsky with a rebound.
2:00 of 3rd period - Wrist shot by Kyle Clifford.
2:00 of 3rd period - Shot Misses the Net.
2:02 of 3rd period - Snap shot by Tyler Toffoli.
2:02 of 3rd period - Shot Misses the Net.
3:10 of 3rd period - Slapshot by Ryan Shannon.
3:10 of 3rd period - Stopped by Andrew Hammond with a rebound.
3:47 of 3rd period - Andrew Kozek is hit by Tom Gilbert and loses puck.
4:00 of 3rd period - John McCarthy is hit by Alexandre Grenier and loses puck.
4:33 of 3rd period - Theo Peckham is hit by Kenndal McArdle and loses puck.
5:13 of 3rd period - Marc-André Cliche is hit by Alec Martinez.
5:17 of 3rd period - Justin Faulk is hit by Alex Berry and loses puck.
5:26 of 3rd period - Alex Berry is hit by Shawn Matthias and loses puck.
5:52 of 3rd period - Johnny Gaudreau is hit by Andrew Kozek and loses puck.
6:01 of 3rd period - Slapshot by Andrew Kozek.
6:01 of 3rd period - Goal by Andrew Kozek - Monarchs : 5 - Atomiques : 5.
6:02 of 3rd period - Tyler Toffoli wins face-off versus Mikael Backlund in neutral zone.
6:52 of 3rd period - Snap shot by Brett Sutter.
6:52 of 3rd period - Shot Misses the Net.
7:03 of 3rd period - Icing by Matt Tennyson.
7:04 of 3rd period - Mikael Backlund wins face-off versus Ryan White in Monarchs zone.
7:29 of 3rd period - Slapshot by Matt Irwin.
7:29 of 3rd period - Shot Misses the Net.
7:51 of 3rd period - Wrist shot by John McCarthy.
7:51 of 3rd period - Shot Blocked by Matt Irwin.
8:23 of 3rd period - Snap shot by Mikael Backlund.
8:23 of 3rd period - Shot Misses the Net.
8:25 of 3rd period - Wrist shot by Shawn Belle.
8:25 of 3rd period - Deflect By Mikael Backlund.
8:25 of 3rd period - Stopped by Andrew Hammond with a rebound.
8:35 of 3rd period - Wrist shot by Andrew Kozek.
8:35 of 3rd period - Stopped by Andrew Hammond with a rebound.
8:37 of 3rd period - Snap shot by Marc-André Cliche.
8:37 of 3rd period - Stopped by Andrew Hammond with a rebound.
8:39 of 3rd period - Slapshot by Kyle Wharton.
8:39 of 3rd period - Deflect By Marc-André Cliche.
8:39 of 3rd period - Shot Blocked by Justin Faulk.
8:39 of 3rd period - Puck is out of play.
8:40 of 3rd period - Tyler Brenner wins face-off versus Tyler Toffoli in Monarchs zone.
9:05 of 3rd period - Roman Polak is hit by Johnny Gaudreau.
9:08 of 3rd period - Off-side.
9:09 of 3rd period - Shawn Matthias wins face-off versus Mikael Backlund in neutral zone.
9:09 of 3rd period - Shawn Matthias is hit by Mikael Backlund.
9:25 of 3rd period - Shawn Matthias is hit by Branko Radivojevic.
9:31 of 3rd period - Mikael Backlund is hit by Alexandre Grenier and loses puck.
9:40 of 3rd period - Alexandre Grenier is hit by Dwight King and loses puck.
9:53 of 3rd period - Mikael Backlund is hit by Kyle Clifford and loses puck.
10:53 of 3rd period - Tyler Toffoli is hit by Dwight King and loses puck.
11:28 of 3rd period - Snap shot by Mikael Backlund.
11:28 of 3rd period - Shot Blocked by Tyler Toffoli.
11:30 of 3rd period - Slapshot by Davis Drewiske.
11:30 of 3rd period - Stopped by Andrew Hammond with a rebound.
12:02 of 3rd period - Matt Irwin is hit by Branko Radivojevic and loses puck.
12:13 of 3rd period - Slapshot by Matt Irwin.
12:13 of 3rd period - Shot Misses the Net.
12:18 of 3rd period - Icing by Davis Drewiske.
12:19 of 3rd period - Mikael Backlund wins face-off versus Shawn Matthias in Atomiques zone.
13:29 of 3rd period - John McCarthy is hit by Johnny Gaudreau and loses puck.
15:40 of 3rd period - Minor Penalty to Anthony Peluso for Roughing.
15:41 of 3rd period - Tyler Brenner wins face-off versus Riley Cote in Monarchs zone.
17:40 of 3rd period - Penalty to Anthony Peluso is over, Anthony Peluso is back on ice.
17:55 of 3rd period - Brett Sutter is hit by Matt Tennyson and loses puck.
19:36 of 3rd period - Minor Penalty to Alexandre Grenier for Hooking.
19:37 of 3rd period - Riley Cote wins face-off versus Tyler Brenner in Monarchs zone.
Goals for this period are 0 for Monarchs vs 1 for Atomiques.
Shots for this period are 2 for Monarchs vs 7 for Atomiques.

Overtime #1


0:01 of 1st overtime period - Branko Radivojevic wins face-off versus Riley Cote in neutral zone.
0:03 of 1st overtime period - Off-side.
0:04 of 1st overtime period - Riley Cote wins face-off versus Branko Radivojevic in neutral zone.
0:20 of 1st overtime period - Off-side.
0:21 of 1st overtime period - Riley Cote wins face-off versus Branko Radivojevic in neutral zone.
0:30 of 1st overtime period - Slapshot by Tom Gilbert.
0:30 of 1st overtime period - Shot Misses the Net.
1:00 of 1st overtime period - Snap shot by Marc-André Cliche.
1:00 of 1st overtime period - Stopped by Andrew Hammond without a rebound.
1:01 of 1st overtime period - Shawn Matthias wins face-off versus Marc-André Cliche in Monarchs zone.
1:36 of 1st overtime period - Penalty to Alexandre Grenier is over, Alexandre Grenier is back on ice.
2:14 of 1st overtime period - Matt Irwin is hit by Andrew Kozek and loses puck.
2:21 of 1st overtime period - Slapshot by Shawn Belle.
2:21 of 1st overtime period - Shot Blocked by Justin Williams.
3:16 of 1st overtime period - Matt Irwin is hit by Andrew Kozek and loses puck.
4:20 of 1st overtime period - Shawn Belle is hit by Zac Rinaldo and loses puck.
Goals for this period are 0 for Monarchs vs 0 for Atomiques.
Shots for this period are 0 for Monarchs vs 1 for Atomiques.

ShootOut


5:00 of 1st overtime period - Penalty Shot by Riley Cote for Monarchs .
5:00 of 1st overtime period - Deke by Riley Cote.
5:00 of 1st overtime period - Shot Misses the Net.
5:00 of 1st overtime period - Penalty Shot by Branko Radivojevic for Atomiques.
5:00 of 1st overtime period - Deke by Branko Radivojevic.
5:00 of 1st overtime period - Goal by Branko Radivojevic.
5:00 of 1st overtime period - Penalty Shot by Justin Williams for Monarchs .
5:00 of 1st overtime period - Snap shot by Justin Williams.
5:00 of 1st overtime period - Goal by Justin Williams.
5:00 of 1st overtime period - Penalty Shot by Mikael Backlund for Atomiques.
5:00 of 1st overtime period - Deke by Mikael Backlund.
5:00 of 1st overtime period - Shot Misses the Net.
5:00 of 1st overtime period - Penalty Shot by Matt Irwin for Monarchs .
5:00 of 1st overtime period - Backhand shot by Matt Irwin.
5:00 of 1st overtime period - Shot Misses the Net.
5:00 of 1st overtime period - Penalty Shot by Tyler Brenner for Atomiques.
5:00 of 1st overtime period - Backhand shot by Tyler Brenner.
5:00 of 1st overtime period - Stopped by Andrew Hammond.
5:00 of 1st overtime period - Penalty Shot by Shawn Matthias for Monarchs .
5:00 of 1st overtime period - Snap shot by Shawn Matthias.
5:00 of 1st overtime period - Stopped by Sergei Bobrovsky.
5:00 of 1st overtime period - Penalty Shot by Dwight King for Atomiques.
5:00 of 1st overtime period - Deke by Dwight King.
5:00 of 1st overtime period - Stopped by Andrew Hammond.
5:00 of 1st overtime period - Penalty Shot by Kyle Clifford for Monarchs .
5:00 of 1st overtime period - Backhand shot by Kyle Clifford.
5:00 of 1st overtime period - Stopped by Sergei Bobrovsky.
5:00 of 1st overtime period - Penalty Shot by Ryan Shannon for Atomiques.
5:00 of 1st overtime period - Snap shot by Ryan Shannon.
5:00 of 1st overtime period - Stopped by Andrew Hammond.
5:00 of 1st overtime period - Penalty Shot by Mark Stone for Monarchs .
5:00 of 1st overtime period - Deke by Mark Stone.
5:00 of 1st overtime period - Goal by Mark Stone.
5:00 of 1st overtime period - Penalty Shot by Alex Berry for Atomiques.
5:00 of 1st overtime period - Snap shot by Alex Berry.
5:00 of 1st overtime period - Goal by Alex Berry.
5:00 of 1st overtime period - Penalty Shot by Tyler McNeely for Monarchs .
5:00 of 1st overtime period - Backhand shot by Tyler McNeely.
5:00 of 1st overtime period - Goal by Tyler McNeely.
5:00 of 1st overtime period - Penalty Shot by Kenndal McArdle for Atomiques.
5:00 of 1st overtime period - Snap shot by Kenndal McArdle.
5:00 of 1st overtime period - Shot Misses the Net.